 Dungeon Crawl Stone Soup version 0.28.0-53-g5a82cb258f (webtiles) character file.

Game seed: 12603046348756200614

123 DearestLeader the Grasshopper (level 5, -3/40 HPs)
             Began as a Gnoll Wanderer on June 7, 2022.
             Asphyxiated
             ... in a sewer.
             The game lasted 00:05:35 (3492 turns).

DearestLeader the Grasshopper (Gnoll Wanderer)      Turns: 3492, Time: 00:05:36

Health: -3/40      AC:  4    Str: 14    XL:     5   Next: 7%
Magic:  9/9        EV: 12    Int: 13    God:
Gold:   32         SH:  0    Dex:  9    Spells: 9/10 levels left

rFire   . . .      SeeInvis .   m - +0 rapier
rCold   . . .      Faith    .   (no shield)
rNeg    . . .      Spirit   .   c - +0 leather armour
rPois   .          Reflect  .   (no helmet)
rElec   .          Harm     .   (no cloak)
rCorr   .          Rampage  .   (no gloves)
Will    .....                   o - +0 pair of boots
Stlth   +.........              (no amulet)
HPRegen 0.13/turn               (no ring)
MPRegen 0.11/turn               (no ring)

@: lethally poisoned (-3 -> -19), slowed, invisible, very slow
A: fangs 1, strong nose, distributed training
a: no special abilities


You were in a sewer.
You visited 1 branch of the dungeon, and saw 4 of its levels.
You also visited: Sewer.

You collected 32 gold pieces.

Inventory:

Hand Weapons
 a - a +0 club
 e - a +0 dagger
 f - a +0 hunting sling
 m - a +0 rapier (weapon)
Missiles
 g - 29 stones
Armour
 c - a +0 leather armour (worn)
 o - a +0 pair of boots (worn)
Scrolls
 d - 5 scrolls of teleportation
 h - a scroll of fear {unknown}
 k - 2 scrolls of vulnerability {unknown}
 l - a scroll of noise {unknown}
 p - a scroll of amnesia {unknown}
 q - a scroll of immolation {unknown}
Potions
 b - a potion of attraction


   Skills:
 + Level 2.9 Fighting
 + Level 1.3 Short Blades
 + Level 1.3 Long Blades
 + Level 1.3 Axes
 + Level 1.3 Maces & Flails
 + Level 1.3 Polearms
 + Level 1.3 Staves
 + Level 1.3 Slings
 + Level 1.3 Bows
 + Level 1.3 Crossbows
 + Level 1.3 Throwing
 + Level 1.3 Armour
 + Level 4.7 Dodging
 + Level 1.3 Stealth
 + Level 1.3 Shields
 + Level 2.9 Unarmed Combat
 + Level 3.1 Spellcasting
 + Level 1.1 Conjurations
 + Level 1.1 Hexes
 + Level 1.1 Summonings
 + Level 1.1 Necromancy
 + Level 7.1 Translocations
 + Level 1.1 Transmutations
 + Level 1.1 Fire Magic
 + Level 1.1 Ice Magic
 + Level 1.1 Air Magic
 + Level 1.1 Earth Magic
 + Level 1.1 Poison Magic
 + Level 1.5 Invocations
 + Level 2.9 Evocations


You had 9 spell levels left.
You knew the following spells:

 Your Spells              Type           Power      Damage    Failure   Level
a - Apportation           Tloc           40%        N/A       1%          1

Your spell library contained the following spells:

 Spells                   Type           Power      Damage    Failure   Level
 Lesser Beckoning         Tloc           20%        N/A       4%          3
 Passage of Golubria      Tloc           20%        N/A       14%         4
 Shock                    Conj/Air       16%        1d4       19%         1
 Mephitic Cloud           Conj/Pois/Air  4%         N/A       47%         3
 Freezing Cloud           Conj/Ice/Air   2%         6-21      99%         5
 Lee's Rapid Deconstruct  Erth           2%         3d5*      99%         5
 Iron Shot                Conj/Erth      2%         9d2       100%        6


Dungeon Overview and Level Annotations

Branches:
Dungeon (4/15)              Sewer (1/1)
 Temple: D:4-7

Altars:

Annotations:
D:2 Sigmund
D:3 Robin


Innate Abilities, Weirdness & Mutations

You have very sharp teeth.
Your uncanny sense of smell can sniff out nearby items.
Your experience applies equally to all skills.


Message History

Moving in this stuff is going to be slow.
g - 29 stones (gained 1)
You enter the shallow water.
Moving in this stuff is going to be slow.
A kobold brigand comes into view.
It is wielding a +0 dagger and quivering curare-tipped darts.
The kobold brigand throws a curare-tipped dart.
The curare-tipped dart hits you.
You are poisoned.
You have difficulty breathing.
You feel yourself slow down.
You feel very sick.
The kobold brigand throws a curare-tipped dart.
The curare-tipped dart hits you.
You are more poisoned.
You have difficulty breathing.
You feel as though you will be slow longer.
It was a potion of invisibility.
You fade into invisibility!
You feel extremely sick.
It was a potion of curing.
You feel better.
The kobold brigand throws a curare-tipped dart.
The curare-tipped dart hits you.
You are poisoned.
You have difficulty breathing.
You feel as though you will be slow longer.
* * * LOW HITPOINT WARNING * * *
You feel very sick.
The kobold brigand throws a curare-tipped dart.
The curare-tipped dart misses you.
Unknown command.
You feel sick.
You feel sick.
You enter the shallow water.
Moving in this stuff is going to be slow. ...and don't expect to remain undetected.
You feel sick.
The kobold brigand throws a curare-tipped dart.
The curare-tipped dart hits you.
You are lethally poisoned!
You have difficulty breathing.
You die...

.. ≈. #≈# #≈# #≈ #≈#
#≈# ∆ #≈ #≈# #≈# ∆ ∆ #≈
#≈# #≈# ∆ #≈ ##≈##
##≈## ##≈ ##.≈.##
##.≈.## ##.≈
#.....####≈.≈..#####...
#.....@≈≈≈≈≈÷.≈≈≈≈≈≈≈.∩
#≈....####....≈#####≈..
##≈.K## ##..≈## ##.)
##.## ##≈## ##≈ #.# #≈#
#≈ #.# #≈# #≈ #.# ##≈##
##≈ #≈. ##.≈≈## ##≈.
.!. #.≈≈..#####≈..


You could see a kobold brigand.

Vanquished Creatures
  Jessica (D:2)
  4 adders
  3 worms
  3 dart slugs (D:1)
  2 bats (D:1)
  4 endoplasms
  4 hobgoblins
  6 jackals
  A quokka (D:3)
  4 ball pythons
  2 frilled lizards
  6 goblins
  3 kobolds
  5 rats
48 creatures vanquished.

Notes
Turn   | Place    | Note
-------+----------+-------------------------------------------
     0 | D:1      | DearestLeader the Gnoll Wanderer began the quest for the
                  | Orb.
     0 | D:1      | DearestLeader set off with the following items: a +0 club,
                  | a potion of attraction, a +0 leather armour, a scroll of
                  | teleportation; and the following spell memorised:
                  | Apportation; and the following spells available to
                  | memorise: Lesser Beckoning, Passage of Golubria
     0 | D:1      | Reached XP level 1. HP: 17/17 MP: 4/4
   295 | D:1      | Reached XP level 2. HP: 23/23 MP: 5/5
  1220 | D:1      | Got Kukes's Collected Works on the Ashen Birds
  1239 | D:1      | Reached XP level 3. HP: 28/28 MP: 7/7
  1495 | D:1      | Found a faded altar of an unknown god.
  1814 | D:2      | Reached skill level 1 in Invocations
  2062 | D:2      | Noticed Sigmund
  2164 | D:2      | Noticed Jessica
  2168 | D:2      | Killed Jessica
  2169 | D:2      | Reached skill level 1 in Short Blades
  2169 | D:2      | Reached skill level 1 in Long Blades
  2169 | D:2      | Reached skill level 1 in Axes
  2169 | D:2      | Reached skill level 1 in Maces & Flails
  2169 | D:2      | Reached skill level 1 in Polearms
  2169 | D:2      | Reached skill level 1 in Staves
  2169 | D:2      | Reached skill level 1 in Slings
  2169 | D:2      | Reached skill level 1 in Bows
  2169 | D:2      | Reached skill level 1 in Crossbows
  2169 | D:2      | Reached skill level 1 in Throwing
  2169 | D:2      | Reached skill level 1 in Armour
  2169 | D:2      | Reached skill level 1 in Stealth
  2169 | D:2      | Reached skill level 1 in Shields
  2169 | D:2      | Reached XP level 4. HP: 34/34 MP: 8/8
  2225 | D:3      | Noticed Robin
  2676 | D:3      | Reached skill level 1 in Conjurations
  2676 | D:3      | Reached skill level 1 in Hexes
  2676 | D:3      | Reached skill level 1 in Summonings
  2676 | D:3      | Reached skill level 1 in Necromancy
  2676 | D:3      | Reached skill level 1 in Transmutations
  2676 | D:3      | Reached skill level 1 in Fire Magic
  2676 | D:3      | Reached skill level 1 in Ice Magic
  2676 | D:3      | Reached skill level 1 in Air Magic
  2676 | D:3      | Reached skill level 1 in Earth Magic
  2676 | D:3      | Reached skill level 1 in Poison Magic
  2723 | D:3      | Found a glowing drain.
  2727 | Sewer    | Entered a sewer
  3205 | Sewer    | Reached XP level 5. HP: 8/40 MP: 9/9
  3485 | Sewer    | Noticed a kobold brigand
  3492 | Sewer    | Asphyxiated

Illustrated notes

Levels and vault maps discovered:
D:1:      lordsloth_arrival_two_stooges, layout_basic,
          dilly_ecumenical_altar_fadedgnrine, minmay_pentomino_p2
D:2:      layout_basic, uniq_sigmund, uniq_jessica
D:3:      layout_basic, gup_sewer_entry_spiral, uniq_robin
D:4:      layout_loops_corners
Sewer:    sewer_co_15_rooms

Skill      XL: |  1  2  3  4 |
---------------+-------------+-----
Invocations    | 1 |  1.5
Short Blades   | 1 |  1.3
Long Blades    | 1 |  1.3
Axes           | 1 |  1.3
Maces & Flails | 1 |  1.3
Polearms       | 1 |  1.3
Staves         | 1 |  1.3
Slings         | 1 |  1.3
Bows           | 1 |  1.3
Crossbows      | 1 |  1.3
Throwing       | 1 |  1.3
Armour         | 1 |  1.3
Stealth        | 1 |  1.3
Shields        | 1 |  1.3
Spellcasting   | 3 |  3.1
Conjurations   | 1 |  1.1
Hexes          | 1 |  1.1
Summonings     | 1 |  1.1
Necromancy     | 1 |  1.1
Transmutations | 1 |  1.1
Fire Magic     | 1 |  1.1
Ice Magic      | 1 |  1.1
Air Magic      | 1 |  1.1
Earth Magic    | 1 |  1.1
Poison Magic   | 1 |  1.1
Fighting       | |  2.9
Dodging        | |  4.7
Unarmed Combat | |  2.9
Translocations | |  7.1
Evocations     | |  2.9

Action                   |  1- 3 |  4- 6 || total
-------------------------+-------+-------++-------
Melee: Club              |    47 |       ||    47
       Bite              |     5 |     4 ||     9
       Dagger            |    23 |       ||    23
       Rapier            |     4 |    65 ||    69
       Punch             |       |     2 ||     2
 Fire: Hunting sling     |    48 |    50 ||    98
  Use: Potion            |       |     3 ||     3
Armor: Leather armour    |    25 |    29 ||    54
Dodge: Dodged            |    69 |    71 ||   140
